 Dungeon Crawl Stone Soup version 0.19-a0-770-g33a097e (webtiles) character file.

8218 scalarboson the Basher (level 11, -2/89 HPs)
             Began as a Demonspawn Fighter on June 25, 2016.
             Was a Follower of Hepliaklqana.
             Slain by a skeletal warrior
             ... wielding a +0 trident
             ... led by a death knight
              (5 damage)
             ... on level 10 of the Dungeon on June 26, 2016.
             The game lasted 00:43:26 (9320 turns).

scalarboson the Basher (Demonspawn Fighter)         Turns: 9320, Time: 00:43:27

Health: -2/89      AC: 25    Str: 20    XL:     11   Next: 7%
Magic:  11/11      EV:  6    Int:  9    God:    Hepliaklqana [*.....]
Gold:   469        SH: 11    Dex: 13    Spells: 0 memorised, 10 levels left

rFire  + . .     SeeInvis .     s - +2 flail (protect)
rCold  + . .     Gourm    .     q - +1 plate armour
rNeg   . . .     Faith    .     c - +0 shield
rPois  .         Spirit   .     m - +0 hat {MR+}
rElec  .         Dismiss  .     t - +0 cloak {+Inv}
rCorr  .         Reflect  .     D - +1 pair of gloves
SustAt .         Harm     .     (no boots)
MR     .....                    i - amulet of regeneration
Stlth  ..........               (no ring)
                                l - ring of protection from fire

@: about to teleport, vulnerable, flying, very slightly contaminated, drained,
not resistant to hostile enchantments, extremely unstealthy
A: claws 2, rugged brown scales 3, cold resistance 1, spiny 1, freezing cloud
immunity
a: Recall Ancestor, Ancestor Identity, Renounce Religion, Evoke Invisibility


You were on level 10 of the Dungeon.
You worshipped Hepliaklqana.
Hepliaklqana was aware of your devotion.
You were hungry.

You visited 2 branches of the dungeon, and saw 12 of its levels.
You also visited: Sewer.

You collected 559 gold pieces.
You spent 90 gold pieces at shops.

Inventory:

Hand Weapons
 s - a +2 flail of protection (weapon)
Armour
 c - a +0 shield (worn)
 m - a +0 hat of magic resistance (worn)
 p - a +0 hat of see invisible
 q - a +1 plate armour (worn)
 t - a +0 cloak of invisibility (worn)
 y - a +2 chain mail of fire resistance
 D - a +1 pair of gloves (worn)
 G - a steam dragon hide
Jewellery
 i - an amulet of regeneration (around neck)
 l - a ring of protection from fire (left hand)
 H - an uncursed amulet of harm
Wands
 a - a wand of polymorph (13/24)
 b - a wand of flame (24/48)
 o - a wand of polymorph (18/24)
 z - a wand of digging (10/24)
 C - a wand of flame (21/48)
Scrolls
 e - 9 scrolls of remove curse
 h - a scroll of magic mapping
 E - a scroll of recharging
Potions
 d - a potion of ambrosia
 k - 3 potions of resistance {unknown}
 n - a potion of flight
 u - 3 potions of curing
 B - a potion of magic
Comestibles
 f - 9 bread rations
 r - 5 beef jerkies
 v - 2 slices of pizza
 w - 7 fruits
 A - a royal jelly
 F - a meat ration


   Skills:
 + Level 7.1(6.0) Fighting
   Level 2.6(1.7) Long Blades
 * Level 8.7(7.6) Maces & Flails
 + Level 6.9(5.9) Armour
 + Level 4.4(3.5) Dodging
 + Level 2.6(1.7) Stealth
 + Level 8.6(7.5) Shields


You had 10 spell levels left.
You didn't know any spells.

Dungeon Overview and Level Annotations

Branches:
Dungeon (11/15)            Temple (1/1) D:7            Lair (0/6) D:8
    Orc (0/2) D:9

Altars:
Ashenzari
Cheibriados
Dithmenos
Elyvilon
Fedhas
Gozag
Hepliaklqana
Kikubaaqudgha
Makhleb
Nemelex Xobeh
Okawaru
Pakellas
Qazlal
Ru
Sif Muna
Trog
Uskayaw
Vehumet
Xom
Yredelemnul
Zin
The Shining One

Shops:
D:5 [[?

Annotations:
D:10 Erica, Harold
D:11 Nergalle


Innate Abilities, Weirdness & Mutations

You have very sharp fingernails.
You are completely covered in rugged brown scales. (AC +3, +7% HP)
Your flesh is cold resistant. (rC+)
You are partially covered in sharp spines.
You are immune to freezing clouds.


Message History

A death knight comes into view.
It is wielding a great sword of draining.
The phantasmal warrior blinks!
The phantasmal warrior hits you but does no damage.
As you read the scroll of teleportation, it crumbles to dust.
You feel strangely unstable.
The phantasmal warrior is struck by your spines.
The phantasmal warrior hits you!!
* * * LOW HITPOINT WARNING * * *
You hit the phantasmal warrior but do no damage.
The phantasmal warrior is severely damaged.
The phantasmal warrior is struck by your spines.
The phantasmal warrior hits you but does no damage.
The skeletal warrior hits you from afar with a trident!
* * * LOW HITPOINT WARNING * * *
Okay, then.
You feel very buoyant.
You fly up into the air.
The phantasmal warrior hits you but does no damage.
The skeletal warrior hits you from afar with a trident.
You die...

#.#
#.###########
#.#
#.#.R........
#.#.#########
#......#
#......#
#.....>###
#.#......#
.W.#
...######W#
.z. ##### #@#
... #.# 5.
#z# .#
#.######.#
#.p.z{.p.#
#######oo#
#...oo.#
#.#.o..#
......#


You could see a death knight, a skeletal warrior and a phantasmal warrior.

Vanquished Creatures
  2 komodo dragons (D:8)
  A two-headed ogre (D:9)
  A spriggan (D:7)
  3 yaks (D:9)
  A wraith (D:10)
  Grum (D:9)
  The ghost of Mathyus the Skirmisher, an amateur HuFi (D:3)
  A steam dragon (D:8)
  A black bear (D:7)
  A sky beast (D:5)
  A phantom (D:4)
  2 orc warriors
  A necrophage (D:10)
  2 wolves (D:9)
  6 ogres
  2 centaurs
  A big kobold (Sewer)
  2 crocodiles (D:8)
  A giant frog (D:6)
  4 scorpions
  6 killer bees (D:8)
  A howler monkey (D:6)
  4 crimson imps
  A giant frog zombie (D:7)
  2 quasits
  A centaur zombie (D:9)
  4 hounds
  A centaur skeleton (D:4)
  10 orc priests
  A giant frog skeleton (D:8)
  3 iguanas
  13 orc wizards
  4 worker ants
  A hound zombie (D:6)
  2 hound skeletons
  A howler monkey zombie (D:7)
  A river rat (D:5)
  9 adders
  2 shadow imps
  2 oozes
  An adder skeleton (D:6)
  An adder zombie (D:6)
  2 worms
  4 giant geckos
  38 orcs
  10 giant cockroaches
  9 goblins
  11 hobgoblins
  10 jackals
  A quokka (D:2)
  2 ball pythons
  A ball python skeleton (D:5)
  5 bats
  A giant cockroach zombie (D:5)
  2 giant gecko skeletons
  5 giant newts
  7 kobolds
  9 rats
223 creatures vanquished.

Vanquished Creatures (collateral kills)
  Gastronok (D:9)
  A komodo dragon (D:8)
  A yak (D:9)
  A hippogriff (D:8)
  A swamp drake (D:9)
  2 orc warriors (D:9)
  An ice beast (D:9)
  A wolf (D:9)
  A lava snake (D:8)
  An iguana (D:8)
  A hound zombie (D:8)
  10 orcs
22 creatures vanquished.

Vanquished Creatures (others)
  8 ancestors
  An orc (D:6)
  A quokka (D:6)
10 creatures vanquished.

Grand Total: 255 creatures vanquished

Notes
Turn   | Place    | Note
--------------------------------------------------------------
     0 | D:1      | scalarboson the Demonspawn Fighter began the quest for the Orb.
     0 | D:1      | Reached XP level 1. HP: 18/18 MP: 1/1
   298 | D:1      | Gained mutation: Your flesh is cold resistant. (rC+) [demonic ancestry]
   298 | D:1      | Reached XP level 2. HP: 15/24 MP: 2/2
   925 | D:2      | Gained mutation: You have sharp fingernails. [demonic ancestry]
   925 | D:2      | Reached XP level 3. HP: 22/29 MP: 3/3
  1201 | D:2      | Found an ancient bone altar of Kikubaaqudgha.
  1264 | D:2      | Reached skill level 1 in Dodging
  1699 | D:3      | Noticed Mathyus's ghost (amateur HuFi)
  1727 | D:3      | Killed Mathyus's ghost
  1727 | D:3      | Gained mutation: You are partially covered in rugged brown scales. (AC +1, +3% HP) [demonic ancestry]
  1727 | D:3      | Reached XP level 4. HP: 17/38 MP: 4/4
  1727 | D:3      | Gained mutation: You are partially covered in sharp spines. [demonic ancestry]
  1727 | D:3      | Reached XP level 5. HP: 19/43 MP: 5/5
  2578 | D:3      | Gained mutation: You are mostly covered in rugged brown scales. (AC +2, +5% HP) [demonic ancestry]
  2578 | D:3      | Reached XP level 6. HP: 43/50 MP: 6/6
  3336 | D:4      | Reached skill level 1 in Maces & Flails
  3546 | D:4      | Reached XP level 7. HP: 57/57 MP: 7/7
  3943 | D:5      | Entered Level 5 of the Dungeon
  4079 | D:5      | Found Coqoc's Magic Scroll Shoppe.
  4108 | D:5      | Found a glowing drain.
  4155 | Sewer    | Entered a sewer
  4335 | Sewer    | Reached skill level 5 in Shields
  4335 | Sewer    | Gained mutation: You are completely covered in rugged brown scales. (AC +3, +7% HP) [demonic ancestry]
  4335 | Sewer    | Reached XP level 8. HP: 57/65 MP: 8/8
  4351 | Sewer    | Found a white marble altar of Elyvilon.
  4655 | D:5      | Found Ytoubif's Armour Shop.
  4943 | D:5      | Found Jiel's Antique Armour Boutique.
  4948 | D:5      | Bought a glowing chain mail for 90 gold pieces
  5277 | D:6      | Found a shattered altar of Ashenzari.
  5398 | D:6      | Found a basalt altar of Yredelemnul.
  5647 | D:6      | Found a white marble altar of Elyvilon.
  5874 | D:7      | Reached skill level 5 in Fighting
  5874 | D:7      | Reached skill level 5 in Armour
  6030 | D:7      | Found a burning altar of Makhleb.
  6136 | D:7      | Found a deep blue altar of Sif Muna.
  6250 | D:7      | Reached skill level 5 in Maces & Flails
  6250 | D:7      | Reached XP level 9. HP: 71/72 MP: 9/9
  6366 | D:7      | Found a staircase to the Ecumenical Temple.
  6373 | Temple   | Entered the Ecumenical Temple
  6489 | Temple   | Became a worshipper of Hepliaklqana
  7446 | D:8      | Noticed a komodo dragon
  7499 | D:8      | Killed a komodo dragon
  7499 | D:8      | Reached skill level 1 in Stealth
  7538 | D:8      | Noticed a komodo dragon
  7549 | D:8      | Killed a komodo dragon
  7686 | D:8      | Gained mutation: You have very sharp fingernails. [demonic ancestry]
  7686 | D:8      | Reached XP level 10. HP: 68/81 MP: 10/10
  7694 | D:8      | Found a staircase to the Lair.
  7973 | D:9      | Noticed Grum
  7986 | D:9      | Killed Grum
  8175 | D:9      | Noticed Gastronok
  8384 | D:9      | Killed Gastronok
  8476 | D:9      | Found a staircase to the Orcish Mines.
  8786 | D:9      | Gained mutation: You are immune to freezing clouds. [demonic ancestry]
  8786 | D:9      | Reached XP level 11. HP: 58/89 MP: 11/11
  8932 | D:10     | Entered Level 10 of the Dungeon
  8935 | D:10     | Reached * piety under Hepliaklqana
  9123 | D:10     | Noticed Harold
  9167 | D:11     | Noticed Nergalle
  9281 | D:10     | Noticed a phantasmal warrior
  9282 | D:10     | Noticed a skeletal warrior
  9288 | D:10     | Noticed Erica
  9315 | D:10     | Noticed a death knight
  9319 | D:10     | HP: 3/89 [skeletal warrior/trident[a death knight] (11)]
  9320 | D:10     | Slain by a skeletal warrior

Vault maps used:
D:1:      minmay_arrival_jagged
D:2:      nicolae_overflow_hidden_temple
D:3:      first_bread, serial_co_window_serial, co_window_of_opportunity_a,
          co_window_paths_a, co_window_corner_a, co_window_corner_a,
          co_window_of_opportunity_a, co_window_2corner, co_window_broadway_b,
          co_window_2corner, co_window_paths_e, co_window_4corner_a,
          kennysheep_generic_room_13
D:5:      portal_sewer_entry_a, serial_shops, shop_fountains, shop, shop
D:6:      kennysheep_mini, marbit_many_paths, hangedman_decor_opposing,
          elyvilon_altar_4
D:7:      lemuel_crystal_altar, old_standard_altar, the_bakery
D:8:      erik_lair_dragon, kennysheep_small_spiral
D:9:      erik_orc_1, uniq_gastronok, uniq_grum
D:10:     minmay_blocky_corners, uniq_erica, uniq_harold
D:11:     grunt_dithmenos_smoke, uniq_nergalle
Temple:   compressed_dpeg_circular_temple
Sewer:    sewer_kobolds

Skill      XL: |  1  2  3  4  5  6  7  8  9 10 |
---------------+-------------------------------+-----
Armour         | 3 4 5 6 |  6.9
Long Blades    | 2 |  2.6
Shields        | 3 4 5 6 7 8 |  8.6
Dodging        | 2 3 4 |  4.4
Fighting       | 4 5 6 7 |  7.1
Maces & Flails | 1 3 5 6 8 |  8.7
Stealth        | 1 2 |  2.6

Action                   |  1- 3 |  4- 6 |  7- 9 | 10-12 || total
-------------------------+-------+-------+-------+-------++-------
Melee: Long sword        |   166 |    58 |       |       ||   224
       Flail             |       |    49 |   377 |   210 ||   636
Invok: Recall Ancestor   |       |       |       |     1 ||     1
  Use: Scroll            |     8 |     3 |     6 |     9 ||    26
       Potion            |     3 |     2 |     4 |     9 ||    18
 Stab: Distracted        |       |       |     3 |     1 ||     4
  Eat: Pizza             |     1 |       |     1 |       ||     2
       Chunk             |       |     5 |     8 |     2 ||    15
       Beef jerky        |       |     1 |     1 |       ||     2
       Meat ration       |       |       |     1 |       ||     1
       Royal jelly       |       |       |       |     1 ||     1
Armor: Scale mail        |    77 |       |       |       ||    77
       Plate armour      |    18 |    76 |   259 |   120 ||   473
Dodge: Dodged            |    56 |    10 |    99 |    51 ||   216
Block: Shield            |   104 |    51 |   240 |   108 ||   503
